 Dungeon Sprint DCSS version 0.21.1-1-g345015f (webtiles) character file.

429 raistware the Unseen (level 6, -6/30 HPs)
             Began as a Spriggan Assassin on Apr 16, 2018.
             Was an Initiate of Sif Muna.
             Mangled by a slime creature (10 damage)
             ... in the Dungeon (Sprint I: "Red Sonja").
             The game lasted 00:04:42 (535 turns).

raistware the Unseen (Spriggan Assassin)             Turns: 535, Time: 00:04:43

Health: -6/30      AC:  3    Str:  7    XL:     6   Next: 66%
Magic:  10/10      EV: 17    Int: 13    God:    Sif Muna [......]
Gold:   148        SH:  0    Dex: 19    Spells: 10/10 levels left

rFire    . . .     SeeInvis +   a - +2 dagger
rCold    . . .     Gourm    .   (shield restricted)
rNeg     . . .     Faith    .   c - +0 robe
rPois    .         Spirit   .   (helmet restricted)
rElec    .         Reflect  .   d - +0 cloak
rCorr    .         Harm     .   (gloves unavailable)
MR       +....     NoTele   +   (boots unavailable)
Stlth    +++++++...             (no amulet)
HPRegen  0.10/turn              (no ring)
MPRegen  0.12/turn              (no ring)

@: very quick
A: very small, unfitting armour, see invisible, herbivore, speed 3, slow
metabolism 2
a: Renounce Religion


You were in the Dungeon.
You worshipped Sif Muna.
Sif Muna was noncommittal.
You were not hungry.

You visited 1 branch You collected 313 gold pieces.
You spent 165 gold pieces at shops.

Inventory:

Hand Weapons
 a - a +2 dagger (weapon)
 b - a +0 blowgun
Missiles
 e - 8 poisoned needles
 f - 2 curare-tipped needles (quivered)
Armour
 c - a +0 robe (worn)
 d - a +0 cloak (worn)
Wands
 l - a wand of polymorph (15)
Scrolls
 i - a scroll of enchant weapon {unknown}
 m - a scroll of blinking
Potions
 h - a potion of curing
 j - a potion of haste
 k - 2 potions of magic
Comestibles
 g - 2 rations


   Skills:
 - Level 1.5 Fighting
 + Level 5.8 Short Blades
 - Level 2.0 Throwing
 - Level 1.5 Dodging
 * Level 19.2 Stealth
 * Level 2.6 Spellcasting


You had 10 spell levels left.
You didn't know any spells.

Dungeon Overview and Level Annotations

Branches:
Dungeon (1/1)

Altars:
Cheibriados
Dithmenos
Elyvilon
Fedhas
Gozag
Hepliaklqana
Kikubaaqudgha
Makhleb
Nemelex Xobeh
Okawaru
Qazlal
Ru
Sif Muna
Trog
Uskayaw
Vehumet
Wu Jian
Xom
Yredelemnul
Zin
The Shining One
Jiyva
Lugonu

Shops:
D *


Innate Abilities, Weirdness & Mutations

You are very small and have problems with some larger weapons.
You are too small for most types of armour.
You have supernaturally acute eyesight. (SInv)
You are a herbivore.
You cover ground extremely quickly.
You need consume almost no food.


Message History

Found a viscous altar of Jiyva and a corrupted altar of Lugonu.
Found a burning altar of Makhleb and a shimmering altar of Xom.
There is an open door here.
You hit the slime creature.
The slime creature is lightly wounded.
The slime creature barely misses you.
You hit the slime creature.
The slime creature is lightly wounded.
The slime creature hits you!
You hit the slime creature.
The slime creature is lightly wounded.
You hit the slime creature but do no damage.
The slime creature is lightly wounded.
The slime creature hits you!
Ouch! That really hurt!
* * * LOW HITPOINT WARNING * * *
You hit the slime creature.
The slime creature is lightly wounded.
The slime creature hits you!
You die...

###################
#<.#.['..#.)'..#__#
#..'..#.)'..#..@..+
#..#####'#####'#J_#
#..####..#...#%####
#..#__####..##)#
#..#_____##'#_.+
#⌠⌠#_.∩...'..._#
####_..__##_.#'#
#_____###+#.#
####### ###


You could see a slime creature.

Vanquished Creatures
  Sigmund (D)
  A yak (D)
  An ogre (D)
  A jelly (D)
  Ijyb (D)
5 creatures vanquished.

Notes
Turn   | Place    | Note
-------+----------+-------------------------------------------
     0 | D        | raistware the Spriggan Assassin began the quest for the Orb.
     0 | D        | Reached XP level 1. HP: 10/10 MP: 2/2
     2 | D        | Noticed Ijyb
    15 | D        | Killed Ijyb
    15 | D        | Reached skill level 10 in Stealth
    15 | D        | Reached XP level 2. HP: 14/14 MP: 3/3
   202 | D        | Noticed an ogre
   204 | D        | Killed an ogre
   204 | D        | Reached skill level 14 in Stealth
   204 | D        | Reached XP level 3. HP: 18/18 MP: 4/4
   204 | D        | Reached XP level 4. HP: 22/22 MP: 5/5
   216 | D        | Noticed Sigmund
   261 | D        | Killed Sigmund
   261 | D        | Reached skill level 5 in Short Blades
   261 | D        | Reached skill level 17 in Stealth
   261 | D        | Reached XP level 5. HP: 25/25 MP: 6/6
   275 | D        | Found a deep blue altar of Sif Muna.
   276 | D        | Found an ornate altar of the Wu Jian Council.
   277 | D        | Found a radiant altar of Vehumet.
   281 | D        | Reached XP level 6. HP: 30/30 MP: 7/7
   289 | D        | Became a worshipper of Sif Muna the Loreminder
   305 | D        | Found Ocaashra's General Store.
   305 | D        | Found an ancient bone altar of Kikubaaqudgha.
   305 | D        | Found a hazy altar of Hepliaklqana.
   305 | D        | Found a hide-covered altar of Uskayaw.
   305 | D        | Found a basalt altar of Yredelemnul.
   305 | D        | Found an opulent altar of Gozag.
   305 | D        | Found a snail-covered altar of Cheibriados.
   305 | D        | Found a sacrificial altar of Ru.
   305 | D        | Found a shadowy altar of Dithmenos.
   305 | D        | Noticed a yak
   308 | D        | Found a stormy altar of Qazlal.
   308 | D        | Found a blossoming altar of Fedhas.
   308 | D        | Found a bloodstained altar of Trog.
   308 | D        | Found an iron altar of Okawaru.
   308 | D        | Found a glowing silver altar of Zin.
   329 | D        | Killed a yak
   329 | D        | Reached skill level 19 in Stealth
   339 | D        | Found a glowing golden altar of the Shining One.
   339 | D        | Found a white marble altar of Elyvilon.
   342 | D        | Found a sparkling altar of Nemelex Xobeh.
   346 | D        | Bought a potion of haste for 110 gold pieces
   346 | D        | Bought a ration for 55 gold pieces
   529 | D        | Found a viscous altar of Jiyva.
   529 | D        | Found a corrupted altar of Lugonu.
   529 | D        | Noticed a slime creature
   530 | D        | Found a burning altar of Makhleb.
   530 | D        | Found a shimmering altar of Xom.
   535 | D        | Mangled by a slime creature

Skill      XL: |  1  2  3  4  5  6 |
---------------+-------------------+-----
Stealth        | 10 14 17 19 | 19.2
Short Blades   | 3 5 |  5.8
Spellcasting   | 2 |  2.6
Fighting       | |  1.5
Throwing       | |  2.0
Dodging        | |  1.5

Action                   |  1- 3 |  4- 6 || total
-------------------------+-------+-------++-------
Melee: Dagger            |    12 |    53 ||    65
 Fire: Blowgun           |       |     5 ||     5
  Use: Potion            |     1 |     2 ||     3
 Stab: Sleeping          |     1 |     1 ||     2
Armor: Skin              |     5 |       ||     5
Dodge: Dodged            |       |    15 ||    15
